 Dungeon Crawl Stone Soup version 0.18.1-8-gdd0e5ea (webtiles) character file.

109 Stormphoenix the Sneak (level 4, -7/33 HPs)
             Began as a Vampire Assassin on June 11, 2016.
             Mangled by a worm (10 damage)
             ... on level 2 of the Dungeon.
             The game lasted 00:05:14 (2048 turns).

Stormphoenix the Sneak (Vampire Assassin)           Turns: 2048, Time: 00:05:15

Health: -7/33      AC:  4    Str:  9    XL:     4   Next: 59%
Magic:  4/4        EV: 12    Int: 13    God:
Gold:   78         SH:  0    Dex: 15    Spells: 0 memorised, 3 levels left

rFire  . . .     SeeInvis +     a - +2 dagger
rCold  + . .     Gourm    .     c - +0 robe
rNeg   + + .     Faith    .     (no shield)
rPois  +         Spirit   .     (no helmet)
rElec  .         Dismiss  .     d - +0 cloak
rCorr  .         Reflect  .     h - +0 pair of gloves
SustAt +         Harm     .     (no boots)
MR     +....                    (no amulet)
Stlth  ++++......               (no ring)
                                k - ring of sustain attributes

@: regenerating slowly, somewhat resistant to hostile enchantments, stealthy
A: fangs 3, see invisible, magic resistance 1, weak 1, wild magic 1, unbreathing
a: Bat Form


You were on level 2 of the Dungeon.
You were thirsty.

You visited 1 branch of the dungeon, and saw 3 of its levels.

You collected 78 gold pieces.

Inventory:

Hand Weapons
 a - a +2 dagger (weapon)
 b - a +0 blowgun
 m - a +2 dagger of venom
Missiles
 e - 8 poisoned needles
 f - 2 curare-tipped needles
Armour
 c - a +0 robe (worn)
 d - a +0 cloak (worn)
 h - a +0 pair of gloves (worn)
Jewellery
 k - a ring of sustain attributes (left hand)
Scrolls
 i - a scroll of recharging {unknown}
Potions
 g - a potion of blood
 j - a potion of agility


   Skills:
 - Level 1.7 Fighting
 + Level 5.4 Short Blades
 - Level 1.5 Throwing
 - Level 1.1 Dodging
 - Level 5.8 Stealth


You had 3 spell levels left.
You didn't know any spells.

Dungeon Overview and Level Annotations

Branches:
Dungeon (3/15)

Altars:
Sif Muna
Vehumet


Innate Abilities, Weirdness & Mutations

You heal slowly.
You have razor-sharp teeth.
You have supernaturally acute eyesight.
You can survive without breathing.
You are resistant to hostile enchantments.
You are weak. (Str -2)
Your spells are a little harder to cast, but a little more powerful.


Message History

The worm is heavily wounded.
The worm closely misses you.
You hit the worm.
The worm is heavily wounded.
You barely miss the worm.
The worm is heavily wounded.
The worm barely misses you.
You barely miss the worm.
The worm is heavily wounded.
You hit the worm.
The worm is severely wounded.
You hit the worm but do no damage.
The worm is severely wounded.
The worm barely misses you.
You barely miss the worm.
The worm is severely wounded.
You hit the worm.
The worm is almost dead.
The worm bites you!
You die...

).......###.###....###.# #
...P##...#...#..#.## #.# #
..PP....(.......#.####.######## #
.......##.#...................#
#....%.##.##)#.##..##...#####.#
#.##.####.##.#.###.##.....# #.#
#.##.## #.##.#.###.##§.§§.# #.#
#.#..(###......##w..#§§§§.# #.###
....#......#.###@...§§§§§§# #....
#.#...####.#.........§§.§.# #.###
#.##.## #.#####>....########.#
#.##.# #.# ##...## #...# #.##.#
#.# ##.## #.#.# #.##.# #.# #.#
#.#.## #.##.#
###.#######.########..#.##
#.##.###....................###..
#.#...#.#..########.###.###..#.##


You could see a worm.

Vanquished Creatures
  3 adders (D:2)
  An adder zombie (D:2)
  An adder skeleton (D:2)
  3 worms
  2 dart slugs
  4 giant geckos
  An orc (D:3)
  A ball python (D:1)
  9 bats
  A giant cockroach (D:2)
  2 goblins (D:1)
  5 hobgoblins
  5 jackals
  A giant cockroach zombie (D:2)
  2 giant gecko skeletons (D:2)
  A giant newt (D:1)
  9 kobolds
  8 rats
59 creatures vanquished.

Notes
Turn   | Place    | Note
--------------------------------------------------------------
     0 | D:1      | Stormphoenix the Vampire Assassin began the quest for the Orb.
     0 | D:1      | Reached XP level 1. HP: 16/16 MP: 1/1
   139 | D:1      | Reached XP level 2. HP: 19/22 MP: 2/2
   521 | D:1      | Reached XP level 3. HP: 27/27 MP: 3/3
   728 | D:2      | Found a radiant altar of Vehumet.
  1129 | D:2      | Reached XP level 4. HP: 31/33 MP: 4/4
  1130 | D:2      | Found a deep blue altar of Sif Muna.
  1371 | D:2      | Reached skill level 5 in Short Blades
  1837 | D:2      | Gained mutation: Your spells are a little harder to cast, but a little more powerful. [potion of mutation]
  1837 | D:2      | Gained mutation: You are resistant to hostile enchantments. [potion of mutation]
  1837 | D:2      | Gained mutation: You are weak. (Str -2) [potion of mutation]
  2048 | D:2      | Mangled by a worm

Skill      XL: |  1  2  3  4 |
---------------+-------------+-----
Short Blades   | 3 4 5 |  5.4
Fighting       | |  1.7
Throwing       | |  1.5
Dodging        | |  1.1
Stealth        | |  5.8

Action                   |  1- 3 |  4- 6 || total
-------------------------+-------+-------++-------
Melee: Dagger            |   146 |    77 ||   223
       Bite              |    17 |     6 ||    23
 Abil: End Transformatio |       |     1 ||     1
       Bat Form          |       |     1 ||     1
  Use: Scroll            |     4 |     1 ||     5
       Potion            |     2 |     4 ||     6
 Stab: Sleeping          |    17 |     1 ||    18
Armor: Robe              |    43 |     6 ||    49
Dodge: Dodged            |    99 |    33 ||   132
